 Dungeon Crawl Stone Soup version 0.27-a0-869-g165b36e3f0 (console) character file.

Game seed: 8462873652443335589

43304 jejorda2 the Phalangite (level 14, 0/163 HPs)
             Began as a Merfolk Berserker on Apr 2, 2021.
             Was a High Priest of Trog.
             Succumbed to a wolf spider's poison
             ... on level 6 of the Lair of Beasts.
             The game lasted 00:37:00 (18386 turns).

jejorda2 the Phalangite (Merfolk Berserker)        Turns: 18386, Time: 00:37:01

Health: 0/163      AC: 21    Str: 28    XL:     14   Next: 23%
Magic:  14/14      EV: 15    Int:  9    God:    Trog [*****.]
Gold:   1314       SH:  0    Dex: 17    Spells: 13/13 levels left

rFire    + . .     SeeInvis +   a - +3 bardiche (vamp)
rCold    + . .     Faith    .   (shield currently unavailable)
rNeg     + + .     Spirit   .   K - +0 plate armour
rPois    +         Reflect  .   D - -2 hat of the Alchemist {rElec rPois rF+ rC+ rN+ Will+ rMut rCorr}
rElec    +         Harm     .   q - +2 cloak
rCorr    +         Rampage  .   R - +1 pair of gloves {Str+3}
rMut     +                      L - +2 pair of boots
Will     ++++.                  x - amulet of the acrobat
Stlth    ..........             u - ring of see invisible
HPRegen  1.37/turn              v - ring of Nuta {rN+ EV+4 Str+3 Int+3 Dex+3}
MPRegen  0.14/turn

@: berserking (expiring), lethally poisoned (0 -> -16), regenerating, very quick
A: (nimble swimmer 2), mertail
a: Renounce Religion, Berserk, Trog's Hand, Brothers in Arms


You were on level 6 of the Lair of Beasts.
You worshipped Trog.
Trog was extremely pleased with you.
You visited 3 branches of the dungeon, and saw 16 of its levels.

You collected 1951 gold pieces.
You spent 637 gold pieces at shops.

Inventory:

Hand Weapons
 a - a +3 vampiric bardiche (weapon)
 b - a +1 halberd of flaming
Missiles
 d - 7 javelins (quivered)
 h - 7 datura-tipped darts
 j - 5 boomerangs
 m - 34 poisoned darts
 Q - a throwing net
Armour
 q - a +2 cloak (worn)
 D - the -2 hat of the Alchemist (worn) {rElec rPois rF+ rC+ rN+ Will+ rMut rCorr}
   (You bought it in a shop on level 5 of the Dungeon)

   It protects you from fire.
   It protects you from cold.
   It insulates you from electricity.
   It protects you from poison.
   It protects you from negative energy.
   It protects you from acid and corrosion.
   It protects you from mutation.
   It increases your willpower.
 K - a +0 plate armour (worn)
 L - a +2 pair of boots (worn)
 R - a +1 pair of gloves of strength (worn)
Jewellery
 e - a +6 ring of strength
 p - a ring of fire
 r - a ring of positive energy
 u - a ring of see invisible (left hand)
 v - the ring of Nuta (right hand) {rN+ EV+4 Str+3 Int+3 Dex+3}
   (You found it on level 4 of the Dungeon)

   [ring of evasion]

   It affects your evasion (+4).
   It affects your strength (+3).
   It affects your intelligence (+3).
   It affects your dexterity (+3).
   It protects you from negative energy.
 x - an amulet of the acrobat (around neck)
 G - a ring of ice
Wands
 g - a wand of polymorph (8)
 i - a wand of flame (31)
 A - a wand of acid (12)
 E - a wand of digging (12)
 H - a wand of paralysis (17)
 I - a wand of iceblast (1)
 P - a wand of charming (8)
 S - a wand of mindburst (23)
Scrolls
 n - 3 scrolls of teleportation
 w - 6 scrolls of immolation
 y - 2 scrolls of blinking
 J - 3 scrolls of fog
 M - a scroll of identify
 N - a scroll of magic mapping
 O - a scroll of fear
Potions
 c - 4 potions of flight
 f - 4 potions of magic
 k - 2 potions of cancellation
 l - 5 potions of curing
 o - 3 potions of attraction
 t - 4 potions of haste
 z - 7 potions of heal wounds
 B - 2 potions of mutation
 C - a potion of berserk rage
 F - a potion of resistance
Miscellaneous
 s - a phantom mirror


   Skills:
 + Level 9.9 Fighting
 + Level 21.5 Polearms
 - Level 6.0 Throwing
 - Level 10.0 Armour
 - Level 6.0 Dodging
 - Level 6.0 Evocations


You had 13 spell levels left.
You didn't know any spells.
Your spell library was empty.

Dungeon Overview and Level Annotations

Branches:
Dungeon (9/15)             Temple (0/1) D:6            Lair (6/6) D:8
 Shoals (0/4) Lair:4        Snake (0/4) Lair:2        Slime (0/5) Lair:5
    Orc (1/2) D:9

Altars:
Ashenzari
Cheibriados
Dithmenos
Kikubaaqudgha
Qazlal
Sif Muna
Xom
Yredelemnul
Zin

Shops:
D:5 *=[*   D:8 *

Annotations:
D:3 1 runed translucent door, scottley's ghost, amateur TrMo
Lair:1 1 runed translucent door, gregwegmann's ghost, journeyman GrEE
Lair:4 2 transporters, runemage's ghost, journeyman GnFi


Innate Abilities, Weirdness & Mutations

((You are quick and stealthy near water. (Stealth+, EV+, Speed+++)))
Your lower body shifts to a powerful aquatic tail in water.


Message History

You slash the black mamba!
The black mamba is lightly wounded.
You feel very sick.
The wolf spider hits you but does no damage.
The wolf spider bites you!
* * * LOW HITPOINT WARNING * * *
You are more poisoned.
The wolf spider poisons you! The redback closely misses you.
The black mamba closely misses you. The black mamba barely misses you.
You slash the black mamba!
The black mamba is moderately wounded.
You feel very sick. The black mamba barely misses you.
The wolf spider hits you.
* * * LOW HITPOINT WARNING * * *
The wolf spider bites you.
* * * LOW HITPOINT WARNING * * *
The redback bites you but does no damage.
The black mamba misses you.
You closely miss the black mamba.
The black mamba is moderately wounded.
* * * LOW HITPOINT WARNING * * *
You feel very sick. The black mamba closely misses you. x2
The wolf spider hits you but does no damage.
The wolf spider bites you.
* * * LOW HITPOINT WARNING * * *
The redback bites you!
* * * LOW HITPOINT WARNING * * *
You barely miss the black mamba.
The black mamba is moderately wounded.
* * * LOW HITPOINT WARNING * * *
You feel very sick. The black mamba bites you.
* * * LOW HITPOINT WARNING * * *
The black mamba bites you but does no damage.
The wolf spider misses you. x2
The redback bites you but does no damage.
You closely miss the black mamba.
The black mamba is moderately wounded.
You die...

###PP.÷.## ##.P.........#
##.##...†#.$.!$.$.#....##.....#
##..##....##.$)$$.##....##†....#
#..P.##....#......#....##.P.....
###....##...##....##...##.†.....#
##......##...#....#...##....P...†
#.##.....##..##..##..##.....#...†
...###....##†.#S†#?.##....###...#
#....###..[...#s@#.##[..###.P....
#......###(.###sS###..###........
#...P....#####....#####..........
#........ #......# ..........#
......... #......## ...........
##..P.... ##......###....P.....
.....## #####....###........
#..##...###.P....
##..##....###....


You could see a wolf spider, 2 black mambas and a redback.

Vanquished Creatures
  Gastronok (Lair:2)
  A fire dragon (Lair:6)
  3 hydras
  A boulder beetle (D:9)
  3 death yaks (Lair:6)
  2 lindwurms (Lair:6)
  An orc sorcerer (D:9)
  7 elephants
  A guardian serpent (Lair:6)
  Joseph (D:9)
  6 black mambas
  A merfolk siren (Lair:4)
  11 cane toads
  5 torpor snails (Lair:6)
  12 komodo dragons
  3 polar bears
  A merfolk (Lair:4)
  3 tyrant leeches (Lair:6)
  10 hornets (Lair:6)
  18 blink frogs
  A vampire (D:9)
  Sigmund (D:2)
  12 wyverns
  28 yaks
  5 basilisks
  Menkaure (D:7)
  3 steam dragons
  16 water moccasins
  Duvessa (D:7)
  2 black bears
  6 orc warriors
  A sky beast (D:5)
  An ice beast (D:8)
  A necrophage (D:5)
  3 ogres
  31 wolves
  5 centaurs
  A kobold brigand (D:8)
  2 scorpions
  Dowan (D:7)
  13 bullfrogs
  A water moccasin skeleton (D:5)
  A wyvern skeleton (D:6)
  4 wights (D:7)
  3 howler monkeys
  2 electric eels (Lair:4)
  2 centaur zombies (D:9)
  A centaur skeleton (D:5)
  Crazy Yiuf (D:7)
  A gnoll shaman (D:4)
  5 hounds
  3 orc priests (Orc:1)
  3 iguanas
  A jelly (D:7)
  3 orc wizards (Orc:1)
  A hound zombie (D:5)
  5 gnolls
  2 adders
  An ufetubus (D:6)
  2 dart slugs (D:1)
  23 orcs
  2 ball pythons
  11 endoplasms
  8 goblins
  7 hobgoblins
  8 kobolds
  5 quokkas
  8 bats
  4 frilled lizards
  2 rats (D:2)
346 creatures vanquished.

Vanquished Creatures (others)
  An orc wizard (Orc:1)
  An adder (D:6)
  37 fungi
  94 plants
133 creatures vanquished.

Grand Total: 479 creatures vanquished

Notes
Turn   | Place    | Note
-------+----------+-------------------------------------------
     0 | D:1      | jejorda2 the Merfolk Berserker began the quest for the Orb.
     0 | D:1      | Reached XP level 1. HP: 18/18 MP: 1/1
   144 | D:1      | Reached skill level 5 in Polearms
   144 | D:1      | Reached XP level 2. HP: 24/24 MP: 2/2
   223 | D:1      | Found a faded altar of an unknown god.
   388 | D:1      | Reached XP level 3. HP: 27/29 MP: 3/3
   629 | D:1      | Reached ** piety under Trog
  1131 | D:2      | Noticed a black bear
  1139 | D:2      | Killed a black bear
  1140 | D:2      | Reached skill level 6 in Polearms
  1140 | D:2      | Reached XP level 4. HP: 37/37 MP: 4/4
  1140 | D:2      | Reached XP level 5. HP: 42/42 MP: 5/5
  1193 | D:2      | Noticed Sigmund
  1204 | D:2      | Killed Sigmund
  1205 | D:2      | Reached skill level 7 in Polearms
  1205 | D:2      | Reached XP level 6. HP: 49/49 MP: 6/6
  2197 | D:3      | Found a runed translucent door.
  2203 | D:3      | Noticed scottley's ghost (amateur TrMo)
  2760 | D:4      | Found a stormy altar of Qazlal.
  2760 | D:4      | Found an ancient bone altar of Kikubaaqudgha.
  2796 | D:4      | Found a basalt altar of Yredelemnul.
  2811 | D:4      | Reached skill level 8 in Polearms
  3110 | D:4      | Reached skill level 5 in Fighting
  3110 | D:4      | Reached XP level 7. HP: 32/56 MP: 7/7
  3308 | D:4      | Noticed an angel
  3309 | D:4      | Found a glowing silver altar of Zin.
  3331 | D:4      | Found a snail-covered altar of Cheibriados.
  3335 | D:4      | Found a broken altar of Ashenzari.
  3337 | D:4      | Identified the ring of Nuta {rN+ EV+4 Str+3 Int+3 Dex+3}
  3471 | D:4      | Found a shadowy altar of Dithmenos.
  3593 | D:5      | Entered Level 5 of the Dungeon
  3593 | D:5      | Found Xeluipp's Weapon Boutique.
  3601 | D:5      | Reached skill level 9 in Polearms
  3692 | D:5      | Found Bive's General Store.
  3797 | D:5      | Found Telueto's Armour Emporium.
  3832 | D:5      | Found Plog's General Store.
  3880 | D:5      | Reached XP level 8. HP: 64/64 MP: 8/8
  3911 | D:5      | Found Pixehani's Jewellery Shop.
  3981 | D:5      | Reached skill level 10 in Polearms
  4291 | D:6      | Reached *** piety under Trog
  4650 | D:6      | Found a staircase to the Ecumenical Temple.
  4833 | D:7      | Reached skill level 11 in Polearms
  4849 | D:7      | Found a runed translucent door.
  4850 | D:7      | Noticed Crazy Yiuf
  4854 | D:7      | Killed Crazy Yiuf
  5274 | D:7      | Reached skill level 12 in Polearms
  5288 | D:7      | Reached XP level 9. HP: 57/69 MP: 9/9
  5432 | D:7      | Noticed Duvessa
  5432 | D:7      | Noticed Dowan
  5437 | D:7      | Killed Duvessa
  5452 | D:7      | Killed Dowan
  5494 | D:7      | Found a shimmering blue altar of Sif Muna.
  5596 | D:7      | Noticed Menkaure
  5602 | D:7      | Killed Menkaure
  5881 | D:8      | Found Gawkixon's Mass Market.
  5943 | D:8      | Reached skill level 13 in Polearms
  5943 | D:8      | Reached skill level 5 in Armour
  6196 | D:8      | Reached skill level 14 in Polearms
  6414 | D:8      | Found a staircase to the Lair.
  6415 | D:8      | Noticed a komodo dragon
  6451 | D:8      | Killed a komodo dragon
  6774 | D:8      | Reached **** piety under Trog
  6783 | D:8      | Reached XP level 10. HP: 76/76 MP: 10/10
  7132 | D:9      | Reached skill level 15 in Polearms
  7210 | D:9      | Noticed a boulder beetle
  7245 | D:9      | Killed a boulder beetle
  7552 | D:9      | Found a staircase to the Orcish Mines.
  7574 | D:9      | Reached skill level 16 in Polearms
  7574 | D:9      | Reached skill level 1 in Evocations
  7647 | D:9      | Noticed Joseph
  7658 | D:9      | Killed Joseph
  8025 | D:9      | Reached skill level 17 in Polearms
  8491 | Lair:1   | Entered Level 1 of the Lair of Beasts
  8587 | Lair:1   | Found a runed translucent door.
  8587 | Lair:1   | Found a shimmering altar of Xom.
  8587 | Lair:1   | Noticed gregwegmann's ghost (journeyman GrEE)
  8587 | Lair:1   | Noticed a +0 scimitar of chaos
  8600 | Lair:1   | Noticed a cane toad
  8606 | Lair:1   | Killed a cane toad
  8627 | Lair:1   | Reached XP level 11. HP: 81/81 MP: 11/11
  8922 | Lair:1   | Reached skill level 18 in Polearms
  9037 | Lair:1   | Reached skill level 5 in Evocations
  9644 | Orc:1    | Entered Level 1 of the Orcish Mines
  9644 | Orc:1    | Noticed an orc sorcerer
  9732 | D:9      | Killed an orc sorcerer
  9975 | D:5      | Bought the -2 hat of the Alchemist {rElec rPois rF+ rC+ rN+
                  | Will+ rMut rCorr} for 472 gold pieces
  9975 | D:5      | Found the -2 hat of the Alchemist {rElec rPois rF+ rC+ rN+
                  | Will+ rMut rCorr}
 10080 | Orc:1    | Reached skill level 19 in Polearms
 10280 | Lair:2   | Noticed Gastronok
 10307 | Lair:2   | Killed Gastronok
 10640 | Lair:2   | Found a staircase to the Snake Pit.
 10655 | Lair:2   | Reached skill level 20 in Polearms
 10974 | Lair:2   | Reached skill level 1 in Throwing
 10974 | Lair:2   | Reached XP level 12. HP: 83/88 MP: 12/12
 11825 | Lair:3   | Reached skill level 5 in Dodging
 11847 | Lair:3   | HP: 2/132 [komodo dragon (12)]
 11858 | Lair:3   | HP: 3/88 [komodo dragon (21)]
 12329 | Lair:3   | Noticed a five-headed hydra
 12339 | Lair:3   | Killed a five-headed hydra
 13377 | Lair:4   | Noticed runemage's ghost (journeyman GnFi)
 13380 | Lair:4   | Found a transporter.
 13384 | Lair:4   | Found a transporter.
 13620 | Lair:4   | Found a staircase to the Shoals.
 14472 | D:5      | Bought a +1 pair of gloves of strength for 165 gold pieces
 14729 | Lair:5   | Reached skill level 5 in Throwing
 14891 | Lair:5   | Reached XP level 13. HP: 91/93 MP: 13/13
 15167 | Lair:5   | Found a staircase to the Slime Pits.
 15931 | Lair:6   | Entered Level 6 of the Lair of Beasts
 15994 | Lair:5   | Reached ***** piety under Trog
 16359 | Lair:6   | Reached skill level 10 in Armour
 16395 | Lair:6   | Identified a scroll of acquirement
 16396 | Lair:6   | Acquired a +0 vampiric bardiche
 17516 | Lair:6   | Found a runed translucent door.
 17516 | Lair:6   | Noticed a fire dragon
 17540 | Lair:6   | Killed a fire dragon
 17696 | Lair:6   | Reached skill level 21 in Polearms
 17713 | Lair:6   | Reached XP level 14. HP: 76/106 MP: 14/14
 18161 | Lair:6   | Received a gift from Trog
 18349 | Lair:6   | Acquired 736 gold pieces
 18384 | Lair:6   | HP: 7/163 [redback (8)]
 18385 | Lair:6   | HP: 3/163 [black mamba (1)]
 18386 | Lair:6   | Succumbed to a wolf spider's poison

Illustrated notes

Levels and vault maps discovered:
D:1:      zelgadis_glass_arrival_small, layout_basic,
          chequers_ecumenical_altar_simple, chequers_serial_rivers_micro_c
D:2:      layout_basic, uniq_sigmund
D:3:      layout_rooms, ebering_ghost_reflecting_pool, kennysheep_potato
D:4:      layout_cave_pools, lemuel_round_altar, zin_angel,
          nicolae_dithmenos_shadow_blocks, nicolae_overflow_hidden_temple,
          grunt_decor_clamped
D:5:      layout_cave_pools, serial_column_ruins, column_ruins_open_tiny,
          column_ruins_open_small, column_ruins_grid_1, column_ruins_open_small,
          column_ruins_columns_straight, serial_shops, kennysheep_mini, shop,
          shop, shop, shop_fountains
D:6:      layout_cave_pools, lemuel_temple_firewalk_b
D:7:      layout_loops_ring, led_sif_pool, eino_small_chamber_without_monster,
          uniq_duvessa, uniq_crazy_yiuf_cottage, uniq_menkaure
D:8:      layout_cave_pools, david_lair_shrubbed, st_stairs_8,
          hangedman_decor_push, minmay_shop_mass, supply_closet_lemuel
D:9:      layout_long_grid, orc_0_dummy, uniq_joseph
Lair:1:   layout_long_grid, ebering_ghost_xom, chequers_serial_rivers_micro_b,
          serial_bayou_pond_c
Lair:2:   layout_regular_city, dummy_snake_entry, uniq_gastronok
Lair:3:   beast_lair_carwin_large_4, layout_chaotic_city, serial_bayou_shore_a
Lair:4:   layout_gridlike, elwin_shoals_entry_rooms, gammafunk_ghost_hive
Lair:5:   layout_cave_pods, slime_dummy, nicolae_lair_grove_arrangements,
          minivault_11, serial_bayou_pond_e
Lair:6:   wormcave, layout_big_grid, hangedman_lair_tendril_chambers
Orc:1:    layout_diamond_mine, special_room [special_room_orc]

Skill      XL: |  1  2  3  4  5  6  7  8  9 10 11 12 13 14 |
---------------+-------------------------------------------+-----
Polearms       | 5 6 7 8 9 12 14 17 20 21 | 21.5
Fighting       | 4 5 6 8 9 |  9.9
Armour         | 2 3 4 5 6 8 10 | 10.0
Evocations     | 4 6 |  6.0
Dodging        | 3 6 |  6.0
Throwing       | 1 5 6 |  6.0

Action                   |  1- 3 |  4- 6 |  7- 9 | 10-12 | 13-15 || total
-------------------------+-------+-------+-------+-------+-------++-------
Melee: Spear             |    91 |    89 |       |       |       ||   180
       Trident           |       |    50 |       |     8 |     8 ||    66
       Halberd           |       |    10 |   239 |   636 |   133 ||  1018
       Tailslap          |       |       |       |    11 |       ||    11
       Bardiche          |       |       |       |       |   272 ||   272
Throw: Stone             |    16 |     2 |       |       |       ||    18
       Dart              |       |     1 |    11 |    15 |    10 ||    37
       Javelin           |       |       |       |       |     3 ||     3
       Boomerang         |       |       |       |       |     1 ||     1
Invok: Berserk           |     2 |     3 |     3 |    14 |     6 ||    28
       Trog's Hand       |       |     1 |     1 |     5 |     2 ||     9
       Brothers in Arms  |       |       |       |     1 |       ||     1
Evoke: Wand              |       |       |       |     4 |     3 ||     7
  Use: Scroll            |       |       |    19 |     8 |     6 ||    33
       Potion            |       |       |       |     3 |       ||     3
 Stab: Sleeping          |     2 |       |       |       |       ||     2
       Distracted        |       |       |       |       |     1 ||     1
Armor: Animal skin       |    10 |       |       |       |       ||    10
       Leather armour    |     1 |    11 |       |       |       ||    12
       Scale mail        |       |     9 |    20 |       |       ||    29
       Ring mail         |       |     2 |       |       |       ||     2
       Skin              |       |     1 |       |       |       ||     1
       Chain mail        |       |       |    56 |    83 |       ||   139
       Plate armour      |       |       |       |   149 |   151 ||   300
Dodge: Dodged            |    45 |    67 |   121 |   367 |   278 ||   878

Table legend: (Time is in decaauts)
 A = Elapsed time spent in this place.
 B = Non-inter-level travel time spent in this place.
 C = Inter-level travel time spent in this place.
 D = Time resting spent in this place.
 E = Time spent auto-exploring this place.
 F = Levels seen in this place.
 G = Mean time per level.
                   A        B        C        D        E       F      G
               +--------+--------+--------+--------+--------+-----+--------+
         Total |  18346 |  17141 |   1205 |   1365 |  13059 |  16 | 1146.6 |
       Dungeon |   9174 |   8361 |    813 |    668 |   6417 |   9 | 1019.3 |
          Lair |   8960 |   8596 |    364 |    696 |   6542 |   6 | 1493.3 |
  Orcish Mines |    211 |    184 |     27 |      0 |     99 |   1 |  211.0 |
               +--------+--------+--------+--------+--------+-----+--------+

Top non-repeatable levels by time:
  Lair:6: 2211 daAuts
     D:9: 1581 daAuts
  Lair:3: 1553 daAuts
  Lair:5: 1539 daAuts
     D:8: 1449 daAuts
  Lair:2: 1402 daAuts
  Lair:4: 1183 daAuts
     D:7: 1151 daAuts
  Lair:1: 1070 daAuts
     D:4: 1042 daAuts
     D:1: 1030 daAuts
     D:2: 914 daAuts
     D:3: 738 daAuts
     D:5: 726 daAuts
     D:6: 541 daAuts
